 Dungeon Crawl Stone Soup version 0.28-a0-563-gf77a47075d (webtiles) character file.

Game seed: 15927808885025684486

4011 Zenkrye the Basher (level 10, -10/79 HPs)
             Began as a Palentonga Abyssal Knight on Sept 30, 2021.
             Was a Priest of Lugonu.
             Mangled by a yak (13 damage)
             ... on level 10 of the Dungeon.
             The game lasted 00:18:57 (9986 turns).

Zenkrye the Basher (Palentonga Abyssal Knight)      Turns: 9986, Time: 00:18:57

Health: -10/79     AC: 13    Str: 23    XL:     10   Next: 3%
Magic:  12/16      EV:  8    Int: 11    God:    Lugonu [***...]
Gold:   557        SH: 10    Dex: 13    Spells: 9/9 levels left

rFire   + . .      SeeInvis +   y - +0 flail
rCold   . . .      Faith    .   s - +0 buckler
rNeg    . . .      Spirit   .   e - +0 scale mail
rPois   .          Reflect  +   (no helmet)
rElec   .          Harm     .   (no cloak)
rCorr   .          Rampage  .   (no gloves)
Will    .....                   (no barding)
Stlth   ..........              B - amulet of reflection
HPRegen 0.23/turn               v - +6 ring of strength
MPRegen 0.15/turn               f - ring of protection from fire

@: curled up
A: large, rugged brown scales 3, see invisible, deformed body, roll 1, armoured
tail, reflexive curl
a: Rolling Charge, Renounce Religion, Depart the Abyss, Bend Space, Banish


You were on level 10 of the Dungeon.
You worshipped Lugonu.
Lugonu was most pleased with you.
You visited 1 branch of the dungeon, and saw 10 of its levels.
You visited the Abyss 1 time.

You collected 557 gold pieces.

Inventory:

Hand Weapons
 a - a +1 mace
 y - a +0 flail (weapon)
Missiles
 g - 119 bolts
 k - 19 sling bullets
Armour
 b - a +1 leather armour
 e - a +0 scale mail (worn)
 s - a +0 buckler (worn)
 x - a +0 helmet
 E - a +0 ring mail
 I - a +0 kite shield
Jewellery
 f - a ring of protection from fire (right hand)
 n - a ring of positive energy
 o - a ring of poison resistance
 v - a +6 ring of strength (left hand)
 z - a ring of flight
 B - an amulet of reflection (around neck)
Wands
 F - a wand of iceblast (12) {@v4}
Scrolls
 i - 2 scrolls of identify {@r1}
 q - 6 scrolls of teleportation {@r3}
 t - a scroll of magic mapping
 w - a scroll of enchant weapon
 A - a scroll of holy word
 D - a scroll of amnesia
 J - a scroll of brand weapon {unknown}
 K - a scroll of acquirement {unknown}
Potions
 c - a potion of mutation
 d - 6 potions of cancellation
 h - a potion of flight
 j - 6 potions of curing {@q1}
 l - 3 potions of invisibility
 m - 2 potions of brilliance
 p - 2 potions of heal wounds {@q2}
 u - a potion of magic
 C - 2 potions of lignification {unknown}
 G - a potion of attraction {unknown}


   Skills:
 + Level 5.1 Fighting
 * Level 10.4 Maces & Flails
 - Level 1.5 Armour
 - Level 0.7 Dodging
 - Level 5.0 Shields
 + Level 8.1 Invocations


You had 9 spell levels left.
You didn't know any spells.
Your spell library contained the following spells:

 Spells                   Type           Power      Damage    Failure   Level
 Gell's Gravitas          Tloc           0%         N/A       95%         3
 Stone Arrow              Conj/Erth      0%         3d7       95%         3
 Teleport Other           Tloc           0%         N/A       95%         3
 Animate Armour           Summ/Erth      0%         N/A       100%        4
 Animate Dead             Necr           0%         N/A       100%        4
 Borgnjor's Vile Clutch   Necr/Erth      0%         N/A       100%        5
 Death Channel            Necr           0%         N/A       100%        6
 Dispersal                Tloc           0%         N/A       100%        6
 Lehudib's Crystal Spear  Conj/Erth      0%         10d2      100%        8


Dungeon Overview and Level Annotations

Branches:
Dungeon (10/15)            Temple (0/1) D:5            Lair (0/6) D:10
    Orc: D:9-12

Altars:
Fedhas
Gozag
Makhleb
Nemelex Xobeh
Wu Jian
Xom
Yredelemnul
Zin
The Shining One

Shops:
D:8 *

Annotations:
D:6 1 runed translucent door, Crazy Yiuf, Dowan, Duvessa
D:9 1 transporter, qdestroyer's ghost, novice MiBe
Abyss:1 Menkaure


Innate Abilities, Weirdness & Mutations

You are completely covered in rugged brown scales. (AC +3, +7% HP)
You have supernaturally acute eyesight. (SInv)
Armour fits poorly on your strangely shaped body.
You can roll at nearby foes to attack.
You have a long armoured tail.
You curl defensively after being hit.


Message History

The yak gores you!
You are too injured to fight recklessly!
You are too injured to fight recklessly!
You hit the yak but do no damage.
The yak is heavily wounded.
You block the yak's attack.
You sock the yak!
The yak is severely wounded.
The yak gores you but does no damage.
You sock the yak!
You kill the yak!
Lugonu accepts your kill.
Okay, then.
Unknown command.
Okay, then.
Unknown command.
You completely miss the yak. The yak closely misses you.
You hit the yak.
The yak is lightly wounded.
The yak gores you!
You hit the yak.
The yak is moderately wounded.
You block the yak's attack.
You hit the yak.
Your tail-slap misses the yak.
The yak is moderately wounded.
The yak gores you!
* * * LOW HITPOINT WARNING * * *
There is an open door here.
You see here a +0 long sword.
There is a stone staircase leading down here.
You can't go up here!
The yak gores you!
* * * LOW HITPOINT WARNING * * *
The yak falls through a shaft!
The shaft crumbles and collapses.
You climb downwards.
There is a stone staircase leading up here.
Press: ? - help, Shift-Dir - straight line, f - yak
Aim: a yak (moderately wounded, chance to affect: 85%)
The yak barely resists.
The yak gores you!
You die... ##PPPPPP...PP#

##.P.PPPP.>.PP#
#.(..PPPP...PP#
.....P.P..PPP# .
#......PP.PP# #
#...P.....# # #
#.....## #
#.###......#### #
#.Y@.......>... ##
######..######. ..
#..# ######..###
..........# ####
######..#.# #..#
........#.# #..####
##.#......####......
#.#..........####


You could see a yak.

Vanquished Creatures
  2 yaks (D:9)
  A steam dragon (D:7)
  An ice beast (D:8)
  A black bear (D:5)
  A sky beast (D:7)
  An ogre (D:6)
  A centaur (D:9)
  2 phantoms
  2 bullfrogs
  2 kobold brigands
  A water moccasin zombie (D:5)
  A scorpion (D:4)
  A wyvern skeleton (D:7)
  4 wights
  2 centaur zombies
  6 hounds
  A centaur skeleton (D:5)
  A jelly (D:3)
  Terence (D:3)
  5 bullfrog skeletons
  4 orc wizards
  A killer bee zombie (D:7)
  2 gnolls (D:9)
  2 adders (D:2)
  An ufetubus (D:5)
  An adder zombie (D:3)
  An adder skeleton (D:3)
  A dart slug (D:3)
  15 orcs
  8 ball pythons
  10 endoplasms
  4 giant cockroaches
  6 hobgoblins
  2 quokkas
  4 bats
  4 frilled lizards
  4 goblins
  A jackal skeleton (D:3)
  18 kobolds
  8 rats
134 creatures vanquished.

Vanquished Creatures (collateral kills)
  A gnoll sergeant (D:9)
  An orc wizard (D:9)
  2 gnolls (D:9)
  2 orcs (D:9)
6 creatures vanquished.

Vanquished Creatures (others)
  11 plants
11 creatures vanquished.

Grand Total: 151 creatures vanquished

Notes
Turn   | Place    | Note
-------+----------+-------------------------------------------
     0 | Abyss:1  | Zenkrye the Palentonga Abyssal Knight began the quest for
                  | the Orb.
     0 | Abyss:1  | Reached XP level 1. HP: 19/19 MP: 2/2
    49 | Abyss:1  | Noticed a large abomination
    50 | D:1      | Escaped the Abyss
   304 | D:1      | Reached XP level 2. HP: 12/25 MP: 3/3
   891 | D:1      | Reached ** piety under Lugonu
  1220 | D:2      | Reached skill level 3 in Maces & Flails
  1418 | D:2      | Reached XP level 3. HP: 23/31 MP: 3/5
  1623 | D:2      | Found a faded altar of an unknown god.
  2499 | D:3      | Noticed Terence
  2732 | D:3      | Reached XP level 4. HP: 27/37 MP: 6/6
  2743 | D:3      | HP: 1/37 [Terence (6)]
  2752 | D:3      | Killed Terence
  2753 | D:3      | Reached skill level 4 in Maces & Flails
  3391 | D:3      | Found a basalt altar of Yredelemnul.
  3393 | D:3      | Found a blossoming altar of Fedhas.
  3417 | D:3      | Reached XP level 5. HP: 37/43 MP: 7/7
  3609 | D:3      | Found a shimmering altar of Xom.
  3609 | D:3      | Found a sparkling altar of Nemelex Xobeh.
  3611 | D:3      | Found an ornate altar of the Wu Jian Council.
  3880 | D:4      | Found an opulent altar of Gozag.
  3880 | D:4      | Found a glowing silver altar of Zin.
  4220 | D:4      | Reached skill level 5 in Maces & Flails
  4315 | D:4      | Reached skill level 1 in Shields
  4315 | D:4      | Reached XP level 6. HP: 45/50 MP: 7/9
  4454 | D:5      | Entered Level 5 of the Dungeon
  4466 | D:5      | Reached *** piety under Lugonu
  4754 | D:5      | Found a staircase to the Ecumenical Temple.
  5072 | D:5      | Reached skill level 6 in Maces & Flails
  5072 | D:5      | Gained mutation: You curl defensively after being hit.
                  | [Palentonga growth]
  5072 | D:5      | Reached XP level 7. HP: 55/55 MP: 10/10
  5113 | D:5      | Found a glowing golden altar of the Shining One.
  5287 | D:6      | Found a runed translucent door.
  5288 | D:6      | Noticed Crazy Yiuf
  5311 | D:6      | Reached skill level 5 in Invocations
  5587 | D:6      | Identified the +6 war axe "Qibrugg" {vorpal, *Noise rN++
                  | Will- Dex+4}
  5653 | D:6      | Found a burning altar of Makhleb.
  5946 | D:6      | Noticed Duvessa
  5946 | D:6      | Noticed Dowan
  6043 | D:6      | Noticed a cyclops
  6045 | D:6      | Banished a cyclops
  6046 | D:6      | Reached skill level 7 in Maces & Flails
  6046 | D:6      | Reached XP level 8. HP: 62/62 MP: 6/12
  6644 | D:7      | Reached skill level 8 in Maces & Flails
  6668 | D:7      | Noticed Menkaure
  6688 | D:7      | Banished Menkaure
  7561 | D:7      | Reached XP level 9. HP: 63/68 MP: 14/14
  7618 | D:7      | Identified the +3 quarterstaff of Kismet {flame, rElec
                  | rPois rN+++ Str-5}
  7859 | D:8      | Noticed a two-headed ogre
  7860 | D:8      | Banished a two-headed ogre
  7861 | D:8      | Reached skill level 9 in Maces & Flails
  7982 | D:8      | Found Wurr's Assorted Antiques.
  9203 | D:8      | You fall into a shaft and drop 1 floor!
  9227 | D:10     | Entered Level 10 of the Dungeon
  9229 | D:10     | Reached skill level 5 in Shields
  9463 | D:10     | Found a staircase to the Lair.
  9465 | D:10     | Noticed a komodo dragon
  9476 | D:10     | Banished a komodo dragon
  9477 | D:10     | Reached skill level 10 in Maces & Flails
  9556 | D:9      | Found a transporter.
  9556 | D:9      | Noticed a meliai
  9558 | D:9      | Noticed qdestroyer's ghost (novice MiBe)
  9564 | D:9      | Noticed a troll
  9573 | D:9      | Noticed a two-headed ogre
  9878 | D:9      | Reached skill level 5 in Fighting
  9966 | D:9      | Reached XP level 10. HP: 63/79 MP: 16/16
  9984 | D:9      | HP: 2/79 [yak (15)]
  9986 | D:10     | Mangled by a yak

Illustrated notes

Levels and vault maps discovered:
D:1:      saegor_arrival_simple_c, layout_basic, minmay_split_cup_small
D:2:      wad_crossroads, layout_loops_corners,
          hellmonk_ecumenical_altar_zigzags, serial_glass, glass_columns_b,
          glass_columns_a, due_unseen_surprise, item_on_display_a,
          minmay_strange_pillars, minmay_strange_pillars
D:3:      layout_rooms, nicolae_overflow_hidden_temple, serial_undead,
          serial_undead_e, serial_undead_c, serial_undead_b, serial_undead_e,
          serial_undead_e, serial_undead_e, serial_undead_a, uniq_terence
D:4:      layout_loops_ring, grunt_temple_overflow_gold_and_silver
D:5:      layout_cave_pools, kennysheep_little_box,
          minmay_temple_entry_gardened_gates, kennysheep_nondescript,
          chequers_serial_rivers_room_a, minmay_misc_feat_five
D:6:      layout_basic, mainiacjoe_overflow_chevrons,
          chequers_serial_rivers_small_3, uniq_crazy_yiuf_cottage, uniq_duvessa
D:7:      layout_cave_pods, serial_park, serial_park_tiny_1, serial_park_tiny_2,
          serial_park_tiny_1, serial_park_avenue1, serial_park_square3
          [serial_park_minivault_5x5_8], serial_park_avenue1, uniq_menkaure
D:8:      layout_loops_ring, serial_shops, shop
D:9:      layout_basic, lemuel_round_altar, ashenzari_altar_1,
          gammafunk_ghost_arena
D:10:     layout_loops_ring, kennysheep_okawaru_gauntlet,
          mainiacjoe_overflow_catwalk, david_lair_shrubbed,
          hangedman_stone_soup, roderic_lattice_a, serial_bayou_pond_d,
          hangedman_decor_clover_reticule, corexii_corridor_pit, uniq_psyche,
          uniq_nergalle

Skill      XL: |  1  2  3  4  5  6  7  8  9 |
---------------+----------------------------+-----
Maces & Flails | 3 4 5 6 7 8 10 | 10.4
Invocations    | 3 4 5 6 8 |  8.1
Shields        | 1 2 3 4 5 |  5.0
Fighting       | 5 |  5.1
Armour         | |  1.5
Dodging        | |  0.7

Action                   |  1- 3 |  4- 6 |  7- 9 | 10-12 || total
-------------------------+-------+-------+-------+-------++-------
Melee: Mace              |   124 |   129 |    49 |       ||   302
       Tailslap          |     5 |    11 |    39 |     2 ||    57
       Flail             |       |       |   180 |    13 ||   193
Throw: Javelin           |     2 |    12 |    10 |       ||    24
       Boomerang         |       |       |    12 |       ||    12
       Dart              |       |       |     1 |       ||     1
Invok: Banish            |       |       |     8 |     1 ||     9
 Abil: Rolling Charge    |     4 |     1 |     1 |       ||     6
  Use: Scroll            |     5 |     1 |    11 |       ||    17
       Potion            |       |     3 |       |       ||     3
Armor: Leather armour    |    43 |       |       |       ||    43
       Ring mail         |    12 |     6 |       |       ||    18
       Scale mail        |       |    55 |    64 |     2 ||   121
Dodge: Dodged            |    59 |    50 |    69 |     2 ||   180
Block: Other             |    33 |    18 |       |       ||    51
       Reflection        |       |     3 |     2 |       ||     5
       Buckler           |       |    43 |   119 |     3 ||   165

Table legend: (Time is in decaauts)
 A = Elapsed time spent in this place.
 B = Non-inter-level travel time spent in this place.
 C = Inter-level travel time spent in this place.
 D = Time resting spent in this place.
 E = Time spent auto-exploring this place.
 F = Levels seen in this place.
 G = Mean time per level.
                   A        B        C        D        E       F      G
               +--------+--------+--------+--------+--------+-----+--------+
         Total |  10063 |   9722 |    341 |   2058 |   6130 |  11 |  914.8 |
       Dungeon |  10013 |   9672 |    341 |   2058 |   6089 |  10 | 1001.3 |
         Abyss |     50 |     50 |      0 |      0 |     41 |   1 |   50.0 |
               +--------+--------+--------+--------+--------+-----+--------+

Top non-repeatable levels by time:
     D:2: 1731 daAuts
     D:7: 1625 daAuts
     D:6: 1163 daAuts
     D:1: 1129 daAuts
     D:5: 1025 daAuts
     D:8: 958 daAuts
     D:4: 828 daAuts
     D:3: 768 daAuts
     D:9: 467 daAuts
    D:10: 316 daAuts
 Abyss:1: 50 daAuts
